 Dungeon Crawl Stone Soup version 0.28.0 (webtiles) character file.

Game seed: 5565671626197285573

4 a3don the Shield-Bearer (level 1, 0/22 HPs)
             Began as a Troll Fighter on Feb 15, 2022.
             Succumbed to a kobold's poison
             ... on level 1 of the Dungeon.
             The game lasted 00:00:08 (69 turns).

a3don the Shield-Bearer (Troll Fighter)               Turns: 69, Time: 00:00:09

Health: 0/22       AC:  4    Str: 23    XL:     1   Next: 50%
Magic:  0/0        EV:  8    Int:  4    God:
Gold:   0          SH:  7    Dex:  9    Spells: 0/0 levels left

rFire   . . .      SeeInvis .     - Unarmed
rCold   . . .      Faith    .   b - +0 kite shield
rNeg    . . .      Spirit   .   a - +0 robe
rPois   .          Reflect  .   (helmet restricted)
rElec   .          Harm     .   (no cloak)
rCorr   .          Rampage  .   (gloves unavailable)
Will    .....                   (boots unavailable)
Stlth   +.........              (no amulet)
HPRegen 0.87/turn               (no ring)
MPRegen 0.07/turn               (no ring)

@: lethally poisoned (0 -> -2)
A: large, unfitting armour, claws 3, regeneration 1, shaggy fur 1, tough skin 1
a: no special abilities


You were on level 1 of the Dungeon.
You visited 1 branch of the dungeon, and saw 1 of its levels.

Inventory:

Armour
 a - a +0 robe (worn)
 b - a +0 kite shield (worn)
Scrolls
 d - a scroll of identify {unknown}
Potions
 c - a potion of might


   Skills:
 + Level 2.4 Fighting
 + Level 2.4 Dodging
 + Level 2.4 Shields
 + Level 2.1 Unarmed Combat


You couldn't memorise any spells.
You didn't know any spells.
Your spell library was empty.

Dungeon Overview and Level Annotations

Branches:
Dungeon (1/15)

Altars:


Innate Abilities, Weirdness & Mutations

You are too large for most types of armour.
You have claws for hands.
Your natural rate of healing is unusually fast.
You are covered in fur. (AC +1)
You have tough skin. (AC +1)


Message History

You closely miss the goblin. The kobold hits you but does no damage.
You are poisoned.
The goblin closely misses you. The kobold barely misses you.
The goblin hits you but does no damage.
You claw the goblin!
You kill the goblin!
You feel very sick.
The kobold hits you with a +0 short sword of venom.
You are lethally poisoned!
You closely miss the kobold.
You feel very sick.
A quokka comes into view.
The kobold barely misses you.
A goblin comes into view. It is wielding a +0 club.
The quokka moves out of view.
You are too injured to fight recklessly!
You are too injured to fight recklessly!
You are too injured to fight recklessly!
You are too injured to fight recklessly!
You are too injured to fight recklessly!
You are too injured to fight recklessly!
You are too injured to fight recklessly!
You are too injured to fight recklessly!
You are too injured to fight recklessly!
You are too injured to fight recklessly!
You are too injured to fight recklessly!
You are too injured to fight recklessly!
You are too injured to fight recklessly!
You are too injured to fight recklessly!
You are too injured to fight recklessly!
You are too injured to fight recklessly!
* * * LOW HITPOINT WARNING * * *
You feel very sick.
* * * LOW HITPOINT WARNING * * *
You feel very sick.
* * * LOW HITPOINT WARNING * * *
You feel sick.
* * * LOW HITPOINT WARNING * * *
You feel sick.
You die...

#.....##... .# #......##..
.# ## #......##..## ##.#
##. g #...........###..# ..
.. ......##........####.#
.. ......# #.......##..# .#
......# ###..#....#.# ##..#
......###.....##....##....#
..........###.##@.K...)#
......#######.#...###....#
.......# #......#.#
........# .....#(#
#.##...#.#..###.#..#
.......... ###.#...# .# ..
......... #..... # . .....
##. ...##.. ....# ##
.#..##.# . #.# ..


You could see a kobold.

Vanquished Creatures
  An endoplasm (D:1)
  A goblin (D:1)
  A quokka (D:1)
3 creatures vanquished.

Notes
Turn   | Place    | Note
-------+----------+-------------------------------------------
     0 | D:1      | a3don the Troll Fighter began the quest for the Orb.
     0 | D:1      | Reached XP level 1. HP: 22/22 MP: 0/0
    68 | D:1      | HP: 1/22 [poisoned by a kobold]
    69 | D:1      | Succumbed to a kobold's poison

Illustrated notes

Levels and vault maps discovered:
D:1:      wander_arrival_estate, layout_rooms, minmay_tall_x

Action                   || total
-------------------------++-------
Melee: Unarmed           ||    17
Armor: Robe              ||     6
Dodge: Dodged            ||     9
Block: Kite shield       ||     4
